cohdb
Replays
Latest Replays
All Replays
Popular Replays
Top Player Replays
Match Explorer
How It Works
Community
CoH3 Stats
Reddit
Sign in to upload your games and track your stats! →
Sign in with Steam
Match 41923600
Unlisted
Match 41923600
Overview
Messages
Build Orders
End
Royal Engineer Section
Construct Section Command Post
Dingo Light Scout Car
Infantry Section
Infantry Section
Construct Platoon Command Post
Humber Armored Car
Selects Heavy Armor Battlegroup
Selects Light Vehicle Withdraw and Refit
Selects Radio Net
Construct Field Infirmary
Vickers Machine Gun Team
Unlock M3 Stuart Light Tanks
Royal Engineer Section
Infantry Section
Selects Designate Targets
6-pounder Anti-tank Gun Team
6-pounder Anti-tank Gun Team
Infantry Training
Designate Targets
Grenade Package
M3 Stuart Light Tank
Infantry Section
Selects Rigorous Vehicle Training
Selects Forward Repair Assembly
Selects UNKNOWN (2162094)
Vickers Machine Gun Team
Light Vehicle Training
6-pounder Anti-tank Gun Team
Skibson
Grand.G
0
0
Comments
sign in to comment!
No comments posted yet!